Map: Deathaura LE

Players

Solar

  • Race: Zerg Zerg
  • League: Grandmaster
  • Spawn Location: 5:00

Maru - Winner!

  • Race: Terran Terran
  • League: Master
  • Spawn Location: 11:00

Event: TSL 6

VOD

Have the link to the VOD?

Description

Time

  • Played on: Dec. 19, 2020, 4 a.m.
  • Length: 19:50

All games in this series

Show
View Real Time Build Order
Export as new Build Order

Solar Zerg 

Build Orders: Hatch First, Muta Ling Bane 

Get SALT Encoding   

  12  0:00  Drone  
  13  0:12  Overlord  
  13  0:16  Drone  
  14  0:31  Drone x2  
  16  0:47  Hatchery  
  15  0:51  Drone  
  15  0:54  Drone  
  17  0:57  Drone  
  18  1:08  Extractor  
  17  1:13  Spawning Pool  
  17  1:15  Drone  
  17  1:19  Drone  
  18  1:28  Drone  
  19  1:39  Drone  
  20  1:50  Drone  
  21  2:00  Zergling x2  
  21  2:01  Zergling x2, Queen x2  
  27  2:10  Overlord  
  27  2:11  Drone  
  28  2:23  Hatchery  
  28  2:25  Drone  
  28  2:29  Drone  
  29  2:37  Queen  
  29  2:38  Metabolic Boost  
  29  2:42  Drone  
  32  2:47  Overlord  
  32  2:50  Drone  
  33  2:52  Drone  
  33  2:56  Drone  
  35  2:58  Drone  
  36  3:07  Drone x2  
  36  3:09  Drone x2  
  36  3:10  Drone  
  41  3:17  Queen  
  43  3:20  Overlord  
  43  3:22  Drone  
  44  3:27  Overlord  
  43  3:35  Queen  
  43  3:36  Drone  
  43  3:39  Drone x2  
  43  3:41  Spore Crawler  
  47  3:44  Zergling x6  
  47  3:46  Drone  
  52  3:48  Drone  
  52  3:49  Drone  
  52  3:50  Drone  
  52  3:55  Queen  
  54  3:58  Overlord  
  54  4:00  Drone  
  57  4:05  Drone, Baneling Nest  
  57  4:06  Zergling x2  
  57  4:07  Zergling x2  
  57  4:08  Drone  
  60  4:10  Zergling x2  
  60  4:15  Lair  
  61  4:18  Extractor  
  61  4:19  Extractor  
  61  4:20  Spore Crawler, Drone  
  61  4:22  Drone  
  61  4:23  Drone  
  61  4:25  Zergling x2  
  61  4:26  Drone  
  61  4:27  Drone  
  61  4:29  Drone  
  65  4:33  Overlord  
  65  4:35  Drone  
  65  4:36  Overlord  
  66  4:40  Overlord  
  65  4:45  Drone x2  
  65  4:48  Drone  
  65  4:50  Drone  
  65  4:52  Drone  
  68  4:54  Drone x2  
  68  4:58  Drone  
  68  4:59  Drone  
  72  5:00  Drone  
  72  5:04  Drone  
  74  5:10  Drone  
  74  5:11  Drone  
  73  5:16  Extractor, Spire, Drone  
  73  5:20  Overlord  
  72  5:21  Baneling x2  
  72  5:23  Queen  
  74  5:30  Drone  
  74  5:31  Drone  
  74  5:33  Zergling x12  
  82  5:38  Drone x3  
  82  5:40  Drone x2  
  82  5:41  Drone  
  85  5:48  Extractor  
  85  5:49  Extractor, Drone  
  83  5:50  Overlord  
  83  5:52  Drone  
  83  5:55  Centrifical Hooks  
  83  5:56  Drone x3  
  87  6:01  Evolution Chamber  
  87  6:03  Evolution Chamber  
  87  6:04  Drone x2  
  87  6:06  Overlord  
  87  6:08  Zergling x4  
  87  6:10  Zergling x2  
  90  6:14  Drone x3  
  93  6:19  Overseer  
  93  6:21  Overseer  
  93  6:28  Mutalisk  
  93  6:29  Mutalisk x3  
  101  6:32  Mutalisk  
  97  6:41  Mutalisk  
  93  6:47  Mutalisk  
  95  6:57  Mutalisk  
  95  7:00  Drone x10  
  106  7:08  Zergling x10  
  111  7:10  Hatchery  
  111  7:11  Overlord  
  110  7:18  Zerg Ground Armor Level 1, Zerg Melee Weapons Level 1, Drone x2  
  110  7:21  Overlord  
  112  7:29  Drone x3, Pneumatized Carapace  
  115  7:30  Drone x2  
  115  7:36  Zergling x8  
  120  7:40  Overlord  
  120  7:41  Overlord  
  120  7:42  Zergling x4  
  122  7:47  Overlord  
  122  7:49  Zergling x2  
  121  7:55  Mutalisk  
  121  7:56  Mutalisk x2  
  116  8:00  Drone  
  116  8:02  Drone  
  116  8:03  Drone  
  116  8:07  Drone x2  
  119  8:12  Drone  
  119  8:13  Drone x2  
  119  8:15  Drone x2  
  123  8:21  Drone x2  
  123  8:23  Drone x3  
  123  8:24  Drone  
  129  8:28  Mutalisk  
  129  8:30  Zerg Flyer Weapons Level 1  
  131  8:34  Queen  
  131  8:36  Drone x4  
  131  8:39  Mutalisk x2  
  131  8:41  Overseer  
  139  8:50  Drone x2  
  139  8:51  Drone x4  
  144  8:56  Baneling x4  
  144  8:57  Extractor  
  144  8:59  Drone x3  
  137  9:08  Drone x3  
  137  9:09  Drone x5  
  140  9:10  Drone x2  
  141  9:18  Zerg Melee Weapons Level 2, Zerg Ground Armor Level 2  
  141  9:22  Drone x3  
  144  9:24  Overlord  
  143  9:33  Zergling x2  
  143  9:34  Zergling x6  
  143  9:37  Baneling x6  
  137  9:40  Mutalisk  
  137  9:43  Mutalisk  
  137  9:44  Mutalisk  
  143  9:46  Overlord  
  143  9:48  Zergling x8  
  143  9:50  Hatchery  
  146  9:55  Drone x6, Infestation Pit  
  146  9:58  Overlord  
  151  10:03  Mutalisk  
  151  10:04  Mutalisk x3  
  152  10:07  Drone  
  152  10:08  Drone x3  
  152  10:12  Drone x3  
  155  10:16  Drone x2  
  155  10:19  Drone x2  
  153  10:22  Drone x2  
  153  10:25  Drone  
  153  10:26  Drone x2  
  153  10:27  Drone  
  159  10:30  Drone  
  159  10:33  Zergling x4  
  159  10:34  Zergling x4  
  164  10:40  Zergling x4  
  164  10:42  Overseer  
  165  10:48  Mutalisk x3  
  165  10:49  Mutalisk x3  
  168  10:52  Zergling x6  
  168  10:53  Zergling x2  
  168  10:55  Mutalisk  
  160  10:58  Zergling x4  
  160  11:04  Baneling x4  
  160  11:12  Overlord, Hive  
  160  11:14  Zergling x10  
  165  11:21  Zergling x12  
  165  11:23  Overlord  
  165  11:24  Overlord  
  171  11:27  Queen  
  171  11:29  Overlord  
  171  11:30  Overlord, Hatchery  
  171  11:32  Baneling x7  
  172  11:35  Baneling x6  
  173  11:40  Zergling x10  
  173  11:45  Zerg Flyer Weapons Level 2  
  171  11:47  Zergling x10  
  171  11:49  Baneling x4  
  173  11:56  Zergling x12  
  173  12:00  Zergling x2  
  171  12:02  Zergling x10  
  171  12:07  Zergling x8  
  172  12:08  Zergling x2  
  172  12:09  Zergling x4  
  172  12:13  Zergling x6  
  172  12:15  Zergling x2  
  172  12:19  Mutalisk  
  172  12:20  Mutalisk x2  
  178  12:24  Zergling x2  
  178  12:28  Zergling x2  
  180  12:30  Baneling x6  
  180  12:32  Zerg Ground Armor Level 3  
  180  12:36  Zerg Melee Weapons Level 3  
  180  12:38  Baneling x4  
  180  12:40  Zergling x4  
  180  12:42  Zergling x4  
  184  12:49  Zergling x14  
  181  12:51  Zergling x4  
  167  13:00  Zergling x10  
  156  13:06  Zergling x16  
  163  13:16  Hatchery  
  163  13:18  Adrenal Glands  
  162  13:26  Baneling x17  
  162  13:27  Overseer  
  162  13:33  Ultralisk Cavern, Baneling x5  
  161  13:35  Zergling x4  
  161  13:37  Zergling x4  
  165  13:47  Drone x2  
  167  13:48  Zergling x8  
  167  13:49  Zergling x8  
  175  14:00  Overlord  
  175  14:03  Drone  
  175  14:06  Baneling x17  
  175  14:07  Baneling  
  175  14:09  Baneling x3  
  176  14:10  Baneling  
  176  14:15  Zergling x10  
  181  14:18  Overlord  
  181  14:21  Chitinous Plating  
  181  14:26  Zergling x8  
  181  14:27  Zergling x2  
  181  14:30  Zergling x12  
  178  14:46  Zergling x6, Ultralisk x2  
  178  14:52  Zergling x4, Ultralisk  
  179  14:53  Zergling x2  
  179  14:55  Zergling x4  
  182  15:04  Zergling x4, Hatchery  
  182  15:06  Zergling x2  
  171  15:10  Zergling x2  
  171  15:11  Zergling x4  
  171  15:13  Baneling  
  171  15:14  Baneling x6  
  172  15:20  Zergling x6  
  172  15:21  Zergling x4  
  177  15:30  Zergling x2  
  177  15:32  Zergling x2  
  177  15:34  Baneling x4  
  177  15:35  Baneling  
  173  15:41  Overseer, Baneling x3  
  173  15:42  Zergling x8  
  177  15:44  Baneling x3  
  177  15:45  Baneling  
  177  15:46  Drone  
  177  15:49  Zergling x4  
  180  15:54  Zergling x2, Hatchery  
  180  15:55  Zergling x6  
  179  15:58  Drone  
  179  15:59  Drone  
  179  16:00  Drone  
  179  16:03  Zergling x2  
  179  16:04  Zergling x8  
  187  16:08  Baneling x2  
  187  16:09  Zergling x6  
  190  16:14  Zergling x6  
  179  16:19  Zergling x2  
  179  16:20  Zergling x4, Baneling  
  179  16:21  Baneling x4  
  176  16:28  Zergling x6  
  176  16:32  Mutalisk x3, Baneling x2  
  176  16:34  Mutalisk  
  176  16:38  Zergling x2  
  182  16:41  Zergling x10  
  165  16:48  Zergling x6  
  165  16:49  Zergling x2  
  167  16:55  Hatchery  
  167  16:56  Zergling x2  
  167  16:57  Zergling x8  
  170  17:01  Overseer  
  170  17:02  Overseer  
  170  17:04  Baneling x6  
  170  17:05  Baneling  
  170  17:08  Zergling x4  
  167  17:23  Zergling x10  
  167  17:25  Baneling x2  
  172  17:32  Zergling x2  
  172  17:33  Zergling x8  
  172  17:35  Baneling x4  
  177  17:38  Zergling x6, Hatchery  
  179  17:45  Baneling x8  
  179  17:56  Hatchery  
  179  17:58  Zergling x12  
  182  18:03  Zergling x8  
  184  18:10  Zergling x2  
  184  18:11  Zergling x6  
  158  18:15  Zergling x4  
  148  18:20  Mutalisk x2  
  152  18:28  Hatchery, Baneling x6  
  152  18:29  Baneling  
  152  18:30  Baneling  
  148  18:37  Zergling x8  
  150  18:45  Ultralisk  
  150  18:46  Zergling x2  
  150  18:48  Baneling x2  
  157  18:54  Zergling x8  
  157  18:55  Baneling  
  158  18:56  Baneling x3  
  158  19:02  Zergling x4  
  159  19:08  Ultralisk  
  165  19:10  Baneling x3  
  165  19:14  Zergling x2  
  165  19:15  Zergling x2  
  163  19:21  Zergling x4  
  163  19:22  Zergling x2  
  139  19:28  Zergling x2  
  139  19:29  Baneling x5  
  139  19:30  Baneling x9  
Show
View Real Time Build Order
Export as new Build Order

Maru Terran - Winner!

Build Orders:  

Get SALT Encoding   

  12  0:00  SCV  
  13  0:12  SCV  
  14  0:17  Supply Depot  
  14  0:24  SCV  
  15  0:38  SCV  
  15  0:40  Barracks  
  16  0:43  Refinery  
  16  0:50  SCV  
  17  1:02  SCV  
  18  1:15  SCV  
  19  1:26  Marine  
  19  1:27  Orbital Command  
  20  1:37  Command Center  
  20  1:47  Factory  
  20  1:52  SCV  
  21  2:03  Barracks Reactor  
  21  2:04  SCV  
  21  2:07  Supply Depot  
  22  2:16  SCV  
  22  2:21  Refinery  
  23  2:28  SCV  
  24  2:40  Starport, SCV  
  24  2:42  Hellion x2  
  29  2:49  Orbital Command  
  29  2:53  SCV, Marine  
  35  3:05  SCV  
  35  3:10  Widow Mine x2  
  35  3:11  Supply Depot  
  36  3:16  SCV  
  36  3:17  Medivac  
  39  3:20  SCV  
  40  3:32  Widow Mine x2, SCV  
  45  3:35  SCV  
  45  3:39  Armory  
  46  3:43  Supply Depot  
  46  3:44  SCV  
  46  3:47  SCV  
  48  3:54  Hellion x2  
  52  3:57  SCV  
  53  4:06  Command Center  
  53  4:10  Liberator  
  53  4:12  Barracks Tech Lab  
  53  4:13  SCV  
  53  4:14  SCV  
  58  4:18  Supply Depot  
  58  4:25  SCV  
  58  4:26  SCV  
  60  4:31  Factory  
  60  4:37  SCV  
  60  4:38  SCV  
  58  4:46  Hellion x4  
  58  4:50  SCV x2  
  56  4:54  Drilling Claws, Widow Mine  
  56  4:58  Refinery  
  56  4:59  Refinery  
  58  5:02  SCV x2  
  60  5:10  Barracks Tech Lab  
  60  5:11  Medivac  
  60  5:14  SCV x2  
  61  5:17  Barracks  
  61  5:19  Barracks  
  61  5:20  Orbital Command  
  62  5:26  Widow Mine x2, SCV x2  
  62  5:27  Widow Mine  
  70  5:32  Supply Depot  
  70  5:38  SCV x2  
  70  5:41  Marine  
  71  5:44  Orbital Command  
  71  5:48  Widow Mine x2  
  75  5:50  SCV x2  
  75  5:54  Engineering Bay  
  75  5:55  Engineering Bay, Starport Reactor  
  75  5:56  Supply Depot  
  79  5:57  Widow Mine  
  79  5:59  Marine  
  79  6:02  SCV  
  79  6:03  SCV  
  82  6:05  Supply Depot  
  82  6:07  Barracks Reactor x2, Stimpack  
  82  6:09  SCV  
  83  6:14  SCV  
  83  6:15  SCV  
  83  6:17  Marine  
  88  6:18  Widow Mine  
  88  6:23  Widow Mine  
  88  6:24  Widow Mine  
  92  6:26  SCV x2  
  92  6:27  SCV  
  92  6:31  Supply Depot  
  95  6:34  Medivac x2  
  95  6:35  Marine  
  100  6:43  Widow Mine  
  102  6:50  Widow Mine, Marine x4  
  102  6:53  SCV x3, Marine  
  106  6:58  Missile Turret  
  104  7:01  Missile Turret  
  104  7:03  Terran Infantry Armor Level 1, Terran Infantry Weapons Level 1, Missile Turret  
  104  7:04  Medivac  
  104  7:05  Missile Turret  
  104  7:06  SCV x2  
  104  7:08  Widow Mine, Marine x3  
  111  7:09  Widow Mine  
  111  7:10  Marine  
  116  7:16  Supply Depot x2  
  116  7:17  Supply Depot  
  116  7:24  Marine  
  117  7:32  Supply Depot  
  117  7:35  Command Center  
  117  7:37  Medivac x2, Widow Mine, Marine x2  
  117  7:40  Marauder, Marine  
  117  7:41  Widow Mine x2  
  117  7:42  Marine  
  128  7:55  Marine x2  
  128  7:57  Marine  
  127  7:59  Widow Mine  
  127  8:00  Marine  
  127  8:01  Marauder  
  127  8:02  Widow Mine x2  
  132  8:07  Medivac x2  
  132  8:12  Refinery x2, SCV  
  133  8:15  Missile Turret  
  133  8:16  Marine x3  
  133  8:18  Combat Shield  
  136  8:23  SCV  
  136  8:25  Marine x2  
  136  8:26  Widow Mine x3  
  145  8:29  Barracks  
  145  8:33  Barracks  
  145  8:37  Medivac x2  
  149  8:47  Widow Mine x2, Marine x2  
  155  8:52  SCV x3  
  155  8:53  Supply Depot  
  152  8:57  Widow Mine  
  154  9:04  SCV x2  
  154  9:07  Medivac x2  
  154  9:09  Widow Mine x2  
  160  9:11  Barracks  
  160  9:12  Barracks, SCV  
  160  9:14  Supply Depot, Barracks  
  160  9:16  SCV x2  
  163  9:23  Barracks Reactor x2  
  161  9:25  SCV  
  161  9:28  SCV  
  161  9:29  SCV  
  160  9:34  Marauder, Marine x4  
  160  9:35  Widow Mine x2  
  160  9:37  Medivac x2, SCV  
  171  9:40  Terran Infantry Weapons Level 2  
  171  9:44  Planetary Fortress  
  171  9:45  Missile Turret  
  171  9:46  Missile Turret  
  171  9:47  Supply Depot  
  171  9:52  Marine x2  
  173  9:54  SCV  
  173  9:56  Marauder, Marine  
  175  10:01  Missile Turret  
  175  10:02  Refinery  
  175  10:05  Marine  
  176  10:07  Medivac  
  176  10:09  Marine  
  177  10:15  Marine  
  177  10:16  Barracks Tech Lab x3  
  177  10:17  Marauder  
  177  10:19  Marine x5  
  177  10:20  Widow Mine x2  
  185  10:25  Marine  
  185  10:26  Supply Depot  
  185  10:28  Thor, Marine  
  182  10:29  Concussive Shells  
  182  10:33  Marine  
  180  10:36  Marine  
  180  10:39  Marauder  
  180  10:40  Marine x2  
  180  10:41  Marauder, Command Center  
  187  10:44  Command Center  
  187  10:45  Marauder, Widow Mine  
  187  10:46  Widow Mine  
  177  10:50  Marine x2  
  177  10:51  Marauder  
  170  10:57  Marine x2  
  170  10:59  Marine x4  
  170  11:00  Marauder  
  170  11:02  Marauder  
  167  11:06  Medivac x2, Marauder  
  167  11:07  Widow Mine x2  
  167  11:10  Thor  
  182  11:12  Marauder  
  182  11:14  Terran Infantry Armor Level 2  
  184  11:21  Marauder  
  184  11:22  Marine x4  
  184  11:23  Marine x4  
  184  11:24  Marauder  
  194  11:28  Marauder  
  194  11:29  Refinery  
  194  11:30  Refinery  
  194  11:33  Marauder  
  195  11:40  Marine x3  
  195  11:41  Barracks, Marine x2  
  195  11:42  Marine  
  195  11:43  Marauder  
  195  11:46  Marine x3  
  195  11:49  Marine  
  195  11:53  Widow Mine  
  194  11:54  Marine  
  189  12:02  Marine x2  
  189  12:04  Marauder, Marine x2  
  189  12:05  Marauder  
  191  12:12  Missile Turret  
  191  12:13  Marauder x2, Marine  
  191  12:14  Missile Turret  
  191  12:15  Missile Turret  
  192  12:16  Terran Infantry Weapons Level 3  
  192  12:17  Missile Turret, Marine x2  
  194  12:25  Marine  
  194  12:26  Marauder x2  
  194  12:28  Marine  
  194  12:29  Marine x2  
  200  12:36  Orbital Command  
  200  12:37  Barracks Tech Lab  
  200  12:40  Command Center  
  192  12:53  Marauder, Marine  
  192  12:54  Marauder  
  177  13:04  Marauder, Marine  
  177  13:05  Marauder  
  140  13:06  Thor  
  140  13:07  Widow Mine x2  
  140  13:09  Marine x4  
  140  13:10  Marauder, Marine x2  
  140  13:11  Planetary Fortress, Marine  
  140  13:12  Missile Turret x2  
  154  13:13  Missile Turret  
  154  13:14  Marine  
  154  13:15  Marauder  
  154  13:18  Terran Vehicle And Ship Armor Level 1  
  153  13:22  Marine  
  153  13:25  Marine x2  
  156  13:27  Medivac x2, Marine  
  156  13:31  Marauder  
  156  13:33  Missile Turret  
  163  13:38  Marauder, Marine x2  
  167  13:45  Widow Mine x2  
  167  13:48  Missile Turret  
  169  13:49  Thor  
  169  13:54  Marine  
  169  13:55  Marauder x2  
  180  13:57  Terran Infantry Armor Level 3  
  180  14:02  Ghost Academy  
  180  14:03  Orbital Command  
  177  14:10  Marauder, Marine  
  177  14:13  Marine x2  
  177  14:14  Marauder x2, Marine  
  177  14:16  Sensor Tower, Marauder  
  189  14:19  Command Center  
  189  14:23  Marine  
  192  14:24  Marauder  
  192  14:26  Missile Turret  
  192  14:36  Marine  
  192  14:37  Marauder  
  193  14:44  Marine x2  
  193  14:45  Marauder x2  
  156  14:53  Marauder x2, Marine x5  
  156  14:57  Marine  
  156  14:58  Marauder  
  162  15:00  Thor  
  162  15:01  Widow Mine  
  162  15:02  Marine x2  
  162  15:06  Orbital Command, Marauder x2  
  170  15:11  Marine x3  
  171  15:15  Marauder  
  171  15:16  Marauder, Marine x3  
  171  15:20  Marauder, Widow Mine, Marine x2  
  184  15:31  Terran Vehicle And Ship Armor Level 2  
  183  15:37  Sensor Tower  
  183  15:43  Thor, Marauder x2, Marine x5  
  183  15:44  Marauder  
  198  15:59  Missile Turret  
  198  16:01  Missile Turret  
  198  16:03  Marine  
  193  16:18  Marine  
  193  16:19  Marauder x3  
  193  16:21  Command Center  
  194  16:26  Medivac x2  
  191  16:35  Marauder, Marine  
  194  16:45  Marauder, Marine x3  
  158  16:48  Thor  
  158  16:49  Widow Mine x2  
  168  17:00  Marauder x3, Marine x5  
  168  17:01  Marauder  
  176  17:02  Marine  
  176  17:04  Medivac x2  
  176  17:06  Marauder  
  172  17:09  Marine  
  172  17:13  Marine  
  172  17:15  Widow Mine x2  
  170  17:17  Missile Turret  
  170  17:21  Marauder  
  170  17:22  Marauder x3  
  178  17:24  Marine x4  
  178  17:28  Marauder  
  184  17:30  Marine  
  184  17:31  Thor  
  184  17:34  Medivac x2  
  195  17:43  Sensor Tower, Marauder x2, Marine  
  200  17:44  Personal Cloaking  
  200  17:45  Neosteel Armor, Hi-Sec Auto Tracking  
  200  17:51  Missile Turret x3  
  200  17:53  Missile Turret  
  200  17:57  Planetary Fortress  
  200  18:11  Marauder, Marine  
  183  18:15  Marauder, Marine x2  
  183  18:17  Thor  
  183  18:18  Marauder x2, Widow Mine x2, Marine x2  
  179  18:33  Marauder x2, Marine x2  
  180  18:36  Marauder  
  180  18:39  Widow Mine  
  181  18:41  SCV x3  
  181  18:42  SCV x3  
  184  18:51  Marauder, Marine  
  184  18:53  SCV x2  
  184  18:54  SCV x4  
  188  19:05  SCV  
  188  19:07  Widow Mine  
  188  19:08  Widow Mine x2  
  193  19:22  Marine  
  193  19:23  Marauder  
  183  19:29  Marauder x3, Marine x7  
Tags
 
Composition
Muta Ling Bane
Event
TSL 6
Matchup
TvZ
Player
MaruSolar
Spawn Locations
Cross Positions
Add a new tag
Caveats
  • Supply blocks, unpowered buildings, or Contaminate may cause inaccurate times.
  • Supply counts are checked every 10 seconds.